cohdb
Replays
Latest Replays
All Replays
Popular Replays
Top Player Replays
Match Explorer
How It Works
Community
CoH3 Stats
Reddit
Sign in to upload your games and track your stats! →
Sign in with Steam
Match 46661331
Unlisted
Match 46661331
Overview
Messages
Build Orders
End
Construct Section Command Post
Infantry Section
Infantry Section
ML 3-inch Mortar Team
Vickers Machine Gun Team
ML 3-inch Mortar Team
Infantry Section
Construct Platoon Command Post
CMP 15cwt Truck
6-pounder Anti-tank Gun Team
Humber Armored Car
Dingo Light Scout Car
Construct Company Command Post
Selects Indian Artillery Battlegroup
Selects Artillery Saturation
Selects Off-map Airburst Barrage
Selects BL5.5 Artillery Emplacement
Infantry Section
Royal Engineer Section
Matilda II Heavy Tank
Off-map Airburst Barrage
Off-map Airburst Barrage
Royal Engineer Section
Selects Valour
Selects Gurkha Rifles Section
Gurkha Rifles Section
Off-map Airburst Barrage
PRESI
Mr_NoteAr
User1diego
Sniffles213
Uberwaffle
Ranger Ron
0
0
Comments
sign in to comment!
No comments posted yet!